 Dungeon Crawl Stone Soup version 0.28-a0-750-g7c675f85b1 (webtiles) character file.

Game seed: 9593111791901094244

60 cheechan the Chopper (level 4, -2/31 HPs)
             Began as an Octopode Berserker on Oct 29, 2021.
             Was a Follower of Trog.
             Killed from afar by Natasha (9 damage)
             ... with a magic dart
             ... on level 2 of the Dungeon.
             The game lasted 00:04:37 (1251 turns).

cheechan the Chopper (Octopode Berserker)           Turns: 1251, Time: 00:04:37

Health: -2/31      AC:  1    Str: 23    XL:     4   Next: 4%
Magic:  4/4        EV: 13    Int:  9    God:    Trog [*.....]
Gold:   44         SH:  0    Dex: 11    Spells: 3/3 levels left

rFire   . . .      SeeInvis .   a - +1 hand axe
rCold   . . .      Faith    .   (no shield)
rNeg    . . .      Spirit   .   (helmet restricted)
rPois   .          Reflect  .   (no amulet)
rElec   .          Harm     .   k - +6 ring of strength
rCorr   .          Rampage  .   (no ring)
Will    ++...                   (no ring)
Stlth   ++........              (no ring)
HPRegen 1.10/turn               (no ring)
MPRegen 0.09/turn               (no ring)
                                (no ring)
                                (no ring)

@: strong-willed, on berserk cooldown, regenerating
A: almost no armour, amphibious, 8 rings, camouflage 1, gelatinous body 1,
(nimble swimmer 1), tentacles
a: Renounce Religion, Berserk


You were on level 2 of the Dungeon.
You worshipped Trog.
Trog was aware of your devotion.
You visited 1 branch of the dungeon, and saw 2 of its levels.

You collected 44 gold pieces.

Inventory:

Hand Weapons
 a - a +1 hand axe (weapon)
 f - a +0 spear
Missiles
 c - 65 stones (quivered)
 d - 21 arrows
 i - 18 bolts
Jewellery
 k - a +6 ring of strength (left tentacle)
Scrolls
 l - a scroll of silence {unknown}
Potions
 b - 2 potions of curing
 e - a potion of flight {unknown}
 g - a potion of berserk rage {unknown}
 h - a potion of might {unknown}
 j - a potion of magic {unknown}
 m - 2 potions of degeneration {unknown}


   Skills:
 + Level 3.5 Fighting
 + Level 3.9 Axes
 + Level 3.4 Dodging
 + Level 1.1 Stealth


You had 3 spell levels left.
You didn't know any spells.
Your spell library contained the following spells:

 Spells                   Type           Power      Damage    Failure   Level
 Sandblast                Erth           0%         2d4       38%         1
 Passwall                 Tmut/Erth      0%         N/A       52%         2
 Stone Arrow              Conj/Erth      0%         3d7       77%         3


Dungeon Overview and Level Annotations

Branches:
Dungeon (2/15)

Altars:

Annotations:
D:2 Natasha


Innate Abilities, Weirdness & Mutations

You cannot wear most types of armour.
You are amphibious.
You can wear up to eight rings at the same time.
Your skin changes colour to match your surroundings (Stealth+).
Your rubbery body absorbs attacks. (AC +1, EV +1)
((You are camouflaged near water. (Stealth+)))
You have tentacles for arms and can constrict up to eight enemies at once.


Message History

There is an escape hatch in the floor here.
Found a stone staircase leading down.
There is a stone staircase leading down here.
You see here a book of Geomancy.
You pick up a book of Geomancy and begin reading...
You add the spells Sandblast, Passwall and Stone Arrow to your library.
There is a stone staircase leading down here.
Unknown command.
You start resting.
Natasha, Servant of Life and Death comes into view.
You feel yourself speed up.
Natasha hisses angrily.
You start resting.
Natasha is nearby!
An endoplasm comes into view.
An endoplasm is nearby!
You start resting.
Natasha is nearby!
Your skin crawls.
You feel strong-willed.
You can no longer call upon Trog for regeneration and willpower.
You start resting.
Natasha is nearby!
You closely miss Natasha. You grab Natasha. You squeeze Natasha.
Natasha is moderately wounded.
You constrict Natasha, but do no damage.
Natasha casts a spell at you. The magic dart hits you.
* * * LOW HITPOINT WARNING * * *
A rat comes into view.
You hit Natasha.
Natasha is heavily wounded.
You constrict Natasha. Natasha closely misses you.
Natasha casts a spell.
You barely miss Natasha.
Natasha is severely wounded.
You constrict Natasha. Natasha casts a spell at you. The magic dart hits you!
You die...

###..>######.........#.
.####.....##..†........
..# #####.....†.......>
..........#†..†....h...
.#....######...........
.........###...........
P≈ .... #.....>>.......
...####....####h#####..
≈... #.@# ... ##.# ..
#..# ##.# .. ##. .# .
J.


You could see Natasha.

Vanquished Creatures
  Natasha (D:2)
  4 bats
  3 endoplasms
  A giant cockroach (D:2)
  5 goblins
  2 hobgoblins (D:1)
  2 jackals (D:1)
  A quokka (D:2)
  2 ball pythons
  6 kobolds
  6 rats
33 creatures vanquished.

Vanquished Creatures (others)
  4 fungi (D:2)
  8 plants (D:2)
12 creatures vanquished.

Grand Total: 45 creatures vanquished

Notes
Turn   | Place    | Note
-------+----------+-------------------------------------------
     0 | D:1      | cheechan the Octopode Berserker began the quest for the
                  | Orb.
     0 | D:1      | Reached XP level 1. HP: 16/16 MP: 1/1
   262 | D:1      | Reached XP level 2. HP: 8/21 MP: 2/2
  1074 | D:2      | Reached XP level 3. HP: 26/26 MP: 3/3
  1198 | D:2      | Noticed Natasha
  1211 | D:2      | Killed Natasha
  1212 | D:2      | Reached skill level 1 in Stealth
  1212 | D:2      | Reached XP level 4. HP: 3/31 MP: 4/4
  1213 | D:2      | Reached ** piety under Trog
  1239 | D:2      | Noticed Natasha
  1251 | D:2      | Killed from afar by Natasha

Illustrated notes

Levels and vault maps discovered:
D:1:      dpeg_arrival_circle_labyrinth_c, layout_loops_ring, minivault_4,
          minmay_statues_item
D:2:      layout_rooms, shapermc_ecumenical_altar_mp_ritualfount, uniq_natasha

Skill      XL: |  1  2  3 |
---------------+----------+-----
Stealth        | 1 |  1.1
Fighting       | |  3.5
Axes           | |  3.9
Dodging        | |  3.4

Action                   |  1- 3 |  4- 6 || total
-------------------------+-------+-------++-------
Melee: Hand axe          |    44 |     4 ||    48
       Constrict         |    11 |     1 ||    12
       Tentacles         |     8 |     1 ||     9
Invok: Berserk           |     1 |       ||     1
       Trog's Hand       |       |     1 ||     1
  Use: Scroll            |     4 |       ||     4
 Stab: Sleeping          |     3 |       ||     3
Armor: Skin              |     3 |       ||     3
Dodge: Dodged            |    39 |     2 ||    41

Table legend: (Time is in decaauts)
 A = Elapsed time spent in this place.
 B = Non-inter-level travel time spent in this place.
 C = Inter-level travel time spent in this place.
 D = Time resting spent in this place.
 E = Time spent auto-exploring this place.
 F = Levels seen in this place.
 G = Mean time per level.
                   A        B        C        D        E       F      G
               +--------+--------+--------+--------+--------+-----+--------+
         Total |   1265 |   1265 |      0 |    401 |      0 |   2 |  632.5 |
       Dungeon |   1265 |   1265 |      0 |    401 |      0 |   2 |  632.5 |
               +--------+--------+--------+--------+--------+-----+--------+

Top non-repeatable levels by time:
     D:1: 1059 daAuts
     D:2: 206 daAuts
